 Dungeon Crawl Stone Soup version 0.20.0-10-g0535bb4 (webtiles) character file.

100 Gorglomux the Magician (level 4, -3/28 HPs)
             Began as an Octopode Transmuter on June 4, 2017.
             Slain by Robin
             ... wielding a +0 falchion
              (5 damage)
             ... on level 3 of the Dungeon.
             The game lasted 00:01:42 (2439 turns).

Gorglomux the Magician (Octopode Transmuter)        Turns: 2439, Time: 00:01:43

Health: -3/28      AC:  1    Str:  9    XL:     4   Next: 73%
Magic:  9/9        EV: 13    Int: 16    God:
Gold:   126        SH:  0    Dex: 12    Spells: 5/10 levels left

rFire    . . .     SeeInvis .     - Unarmed
rCold    . . .     Gourm    .   (no shield)
rNeg     + . .     Faith    .   (helmet restricted)
rPois    .         Spirit   .   (no amulet)
rElec    .         Reflect  .   k - ring of positive energy
rCorr    .         Harm     .   (no ring)
MR       .....                  (no ring)
Stlth    ++........             (no ring)
Regen    0.1/turn               (no ring)
MPRegen  0.2/turn               (no ring)
                                (no ring)
                                (no ring)

@: no status effects
A: almost no armour, stealthy swim, amphibious, 8 rings, constrict 8, camouflage
1, gelatinous body 1
a: no special abilities


You were on level 3 of the Dungeon.
You were not hungry.

You visited 1 branch of the dungeon, and saw 3 of its levels.

You collected 126 gold pieces.

Inventory:

Missiles
 a - 77 arrows
Jewellery
 k - a ring of positive energy (left tentacle)
 t - an uncursed amulet of regeneration {unknown}
Scrolls
 g - a scroll of enchant armour {unknown}
 i - a scroll of noise {unknown}
 j - 2 scrolls of teleportation {unknown}
 m - a scroll of amnesia {unknown}
 r - a scroll of identify {unknown}
Potions
 h - 3 potions of magic
 l - a potion of agility {unknown}
 n - a potion of berserk rage {unknown}
 q - a potion of lignification {unknown}
 s - a potion of haste
Books
 b - a book of Changes

   Spells                             Type                      Level
   a - Beastly Appendage              Transmutation                1
   b - Sticks to Snakes               Transmutation                2
   c - Spider Form                    Transmutation/Poison         3
   d - Ice Form                       Ice/Transmutation            4
   e - Blade Hands                    Transmutation                5
Comestibles
 c - a bread ration
 f - 3 royal jellies
 p - 5 fruits


   Skills:
 - Level 1.0 Fighting
 - Level 2.0 Dodging
 - Level 3.0 Unarmed Combat
 + Level 3.5 Spellcasting
 + Level 3.3 Transmutations
 + Level 0.4 Ice Magic


You had 5 spell levels left.
You knew the following spells:

 Your Spells              Type           Power        Failure   Level  Hunger
a - Beastly Appendage     Tmut           ##....       4%          1    None
b - Ice Form              Ice/Tmut       #.......     63%         4    ####...


Dungeon Overview and Level Annotations

Branches:
Dungeon (3/15)

Altars:
Ashenzari
Elyvilon
Gozag
Hepliaklqana
Nemelex Xobeh
Trog
Vehumet

Annotations:
D:3 Robin; newuser's ghost, amateur OgEE


Innate Abilities, Weirdness & Mutations

You cannot wear most types of armour.
You are very stealthy in the water. (Stealth+)
You are amphibious.
You can wear up to eight rings at the same time.
You can use your tentacles to constrict eight enemies at once.
Your skin changes colour to match your surroundings (Stealth+).
Your rubbery body absorbs attacks. (AC +1, EV +1)


Message History

You tentacle-slap Robin.
Robin is moderately wounded.
You constrict Robin. The goblin closely misses you.
Robin throws the goblin at you!
The goblin shouts!
You tentacle-slap Robin but do no damage.
You squeeze Robin, but do no damage.
Robin is moderately wounded.
You constrict Robin.
You hear a shout! x4
Robin hits you with a falchion!
* * * LOW HITPOINT WARNING * * *
The goblin barely misses you. The goblin hits you with a club.
* * * LOW HITPOINT WARNING * * *
You are too injured to fight recklessly!
Unknown command.
It was a potion of magic.
Magic courses through your body.
You constrict Robin. Robin hits you but does no damage. The goblin misses you.
The goblin closely misses you. Robin hits you with a falchion.
You die...

#..#
##.#.######.#
#..######....#
#.....#..#
#.###...##
###.## #...# g
#.###


g.g #g# .....#@#### #....g)g..# ...###..##.# #### # You could see Robin and 2
goblins.

Vanquished Creatures
  Terence (D:2)
  An adder (D:2)
  An ooze (D:1)
  2 worms (D:2)
  2 dart slugs (D:2)
  5 leopard geckos
  3 giant cockroaches
  4 hobgoblins
  A quokka (D:2)
  8 bats
  4 frilled lizards
  8 goblins
  2 kobolds (D:2)
  9 rats
51 creatures vanquished.

Notes
Turn   | Place    | Note
-------+----------+-------------------------------------------
     0 | D:1      | Gorglomux the Octopode Transmuter began the quest for the Orb.
     0 | D:1      | Reached XP level 1. HP: 13/13 MP: 3/3
   356 | D:1      | Reached XP level 2. HP: 11/18 MP: 3/5
   787 | D:1      | Reached XP level 3. HP: 19/23 MP: 5/7
  1255 | D:2      | Noticed Terence
  1263 | D:2      | Killed Terence
  1263 | D:2      | Reached skill level 3 in Spellcasting
  1263 | D:2      | Reached skill level 3 in Transmutations
  1263 | D:2      | Reached XP level 4. HP: 15/28 MP: 4/8
  1359 | D:2      | Found a bloodstained altar of Trog.
  1382 | D:2      | Found a hazy altar of Hepliaklqana.
  1392 | D:2      | Found a radiant altar of Vehumet.
  1392 | D:2      | Found a white marble altar of Elyvilon.
  1396 | D:2      | Found a shattered altar of Ashenzari.
  1608 | D:2      | Found a sparkling altar of Nemelex Xobeh.
  1609 | D:2      | Found an opulent altar of Gozag.
  1939 | D:2      | Learned a level 4 spell: Ice Form
  2397 | D:3      | Noticed newuser's ghost (amateur OgEE)
  2430 | D:3      | Noticed Robin
  2439 | D:3      | Slain by Robin

Skill      XL: |  1  2  3 |
---------------+----------+-----
Spellcasting   | 3 |  3.5
Transmutations | 3 |  3.3
Fighting       | |  1.0
Dodging        | |  2.0
Unarmed Combat | |  3.0
Ice Magic      | |  0.4

Action                   |  1- 3 |  4- 6 || total
-------------------------+-------+-------++-------
Melee: Unarmed           |    61 |    54 ||   115
       Constrict         |    17 |    13 ||    30
       Tentacles         |    14 |     8 ||    22
       Kick              |     5 |     8 ||    13
 Cast: Beastly Appendage |    41 |    49 ||    90
  Use: Potion            |       |     1 ||     1
 Stab: Sleeping          |     5 |     4 ||     9
  Eat: Chunk             |     1 |     4 ||     5
Armor: Skin              |     8 |     8 ||    16
Dodge: Dodged            |    41 |    37 ||    78
